Zazza, neutral female human Tourist -------- |....&@| |....f.| |..<... -------- Zazza the Sightseer Experience level: 4 Strength: 18 Dexterity: 8 Constitution: 12 Intelligence: 13 Wisdom: 9 Charisma: 18 Health: 0(33) Energy: 12(12) Def: 3 Gold: 0 Moves: 2412 Dungeon seed: NqugUUZ-Q7lgTrgP Game ID: Zazza_1535392702 Your Inventory: Weapons a - 37 +2 darts (in quiver) g - a cursed -1 arrow p - a +0 orcish dagger (weapon in hand) u - 2 +0 darts Armor e - an uncursed +0 Hawaiian shirt n - an uncursed +0 pair of leather gloves (being worn) q - an uncursed +1 orcish helm (being worn) Comestibles c - 6 uncursed tripe rations d - an uncursed egg h - an uncursed food ration w - an uncursed eucalyptus leaf Scrolls j - 3 uncursed scrolls of magic mapping Potions f - an uncursed potion of booze i - 2 uncursed potions of extra healing Wands A - a wand of sleep (0:7) G - a wand of striking (0:5) L - a blessed wand of make invisible (0:4) M - a wand of nothing (0:5) P - a wand of undead turning (0:5) Q - a wand of teleportation (0:4) R - a wand of slow monster (0:4) T - a wand of fire (0:6) U - a wand of light (0:11) V - a wand of digging (0:3) W - a wand of secret door detection (0:12) Tools k - an uncursed skeleton key m - an uncursed towel o - an expensive camera (0:67) Y - an uncursed tallow candle (0:200) Z - a cursed tallow candle (0:200) Gems r - an uncursed worthless piece of green glass Spells and supernatural/magical abilities: Name Level Category Fail Memory W - pray for help -- divine ? -- Your skills at the end: Fighting Skills Weapon Skills dagger [Basic] dart [Basic] Spellcasting Skills Final Attributes: You were piously aligned. You were lucky. You are dead. Vanquished creatures: a shrieker a floating eye 2 dwarf zombies an iguana 2 giant rats 2 gnomes 4 geckos a fox 3 kobolds 3 goblins 6 sewer rats 4 grid bugs 2 lichens 2 kobold zombies 6 newts 40 creatures vanquished. Voluntary challenges: You had been an atheist until turn 2382. You used a wielded weapon 39 times, starting on turn 431. You read items or engraved 7 times, starting on turn 793. You never genocided any monsters. You never polymorphed an object. You never changed form. You used no wishes. You never split a pudding. You wrote Elbereth's name 2 times, starting on turn 2135. You never violated your personal moral code. Dungeon overview: The Dungeons of Doom: levels 1 to 6 Level 1 a fountain a long staircase Level 2 some fountains Level 3 a wand shop, a fountain Level 4 a fountain, a sink a long staircase Level 5 Level 6 <- You were here History has recorded: On T:1 you entered the Dungeons of Doom to retrieve the Amulet of Yendor! On T:469 you reached level 2 of The Dungeons of Doom. On T:812 you advanced to experience level 2. On T:910 you reached level 3 of The Dungeons of Doom. On T:1433 you advanced to experience level 3. On T:1900 you reached level 4 of The Dungeons of Doom. On T:2289 you advanced to experience level 4. On T:2381 you reached level 5 of The Dungeons of Doom. On T:2411 you reached level 6 of The Dungeons of Doom. Score breakdown: Gold: 0 ( 0 points) Experience: 4 levels ( 9649 points) Exploration: 6 levels ( 12.50%) ( 9784 points) Discoveries: 4 items ( 1.34%) ( 3475 points) Valuables value: (no points given unless you survive) Artifact value: 0 ( 0 points) Variety of kills: 15 monsters ( 3.94%) ( 5952 points) Turncount: 2412 turns ( -277 points) Survival: died (score multiplied by 80%) Total score: 22866 Latest messages: You begin praying to The Lady. You are surrounded by a shimmering light. The dwarf zombie starts to attack you, but pulls back. The incubus starts to attack you, but pulls back. (2x) The dwarf zombie starts to attack you, but pulls back. You feel that The Lady is well-pleased. You feel much better. You destroy the dwarf zombie! The incubus hits! (4x) You hear the footsteps of a guard on patrol. You dig a hole through the floor. You fall through... You see here a red gem. The incubus hits! The incubus just misses! The wand hits it. The incubus resists! You die... Final status: Aloha Zazza the Tourist, killed by an incubus... You died in The Dungeons of Doom on dungeon level 6 with 22866 points, and 0 pieces of gold, after 2412 moves. You were level 4 with a maximum of 33 hit points when you died.